| TOP OF THE 1ST |
|
Tri-City Dust Devils batting - Pitching for Coos Bay-North Bend Blue Soxs : RHP Carlos Garcia
|
|
Pitching: RHP Carlos Garcia
|
|
|
Batting: LHB LaVel Freeman
|
0-0: Ball 1-0: Ground out 6-3 (Groundball, 4M, EV 81.9 MPH)
|
|
Batting: RHB Dave Lebeau
|
0-0: Ground out 5-3 (Groundball, 56S, EV 85.6 MPH)
|
|
Batting: RHB Mark Van Blaricom
|
0-0: Ball 1-0: Called Strike 1-1: Foul Ball, location: 2F 1-2: Foul Ball, location: 2F 1-2: Foul Ball, location: 2F 1-2: Fly out, F7 (Flyball, 7LM, EV 91.3 MPH)
|
| Top of the 1st over - 0 runs, 0 hits, 0 errors, 0 left on base; Tri-City 0 - Coos Bay-North Bend 0 |
| BOTTOM OF THE 1ST |
|
Coos Bay-North Bend Blue Soxs batting - Pitching for Tri-City Dust Devils : LHP John Smiley
|
|
Pitching: LHP John Smiley
|
|
|
Batting: RHB Brian Stemberger
|
0-0: Ball 1-0: Ball 2-0: Ball 3-0: Base on Balls
|
|
Batting: SHB Paul Sokolowski
|
0-0: Ball 1-0: Ball 2-0: Foul Ball, location: 2F 2-1: Ball 3-1: Base on Balls Brian Stemberger to second
|
|
Batting: RHB Javier Ortiz
|
0-0: Ball 1-0: DOUBLE (Flyball, 78XD, EV 108.8 MPH) Brian Stemberger scores Paul Sokolowski to third Runner from 3rd tries for Home, SAFE, throw by LF to trailing runner, OUT at third! 7-3-5
|
|
Batting: LHB Curt Reed
|
0-0: Ball 1-0: Ball 2-0: Ground out 4-3 (Groundball, 4, EV 86.3 MPH)
|
|
Batting: RHB Danny Quintana
|
0-0: Swinging Strike 0-1: Foul Ball, location: 2F 0-2: Ball 1-2: Ball 2-2: Fly out, F9 (Flyball, 9S, EV 88.1 MPH)
|
| Bottom of the 1st over - 2 runs, 1 hit, 0 errors, 0 left on base; Tri-City 0 - Coos Bay-North Bend 2 |
| TOP OF THE 2ND |
|
Tri-City Dust Devils batting - Pitching for Coos Bay-North Bend Blue Soxs : RHP Carlos Garcia
|
|
Batting: RHB Robert Martinez
|
0-0: Ball 1-0: Ball 2-0: Ball 3-0: Base on Balls
|
|
Batting: RHB Desmond Brooks
|
0-0: Ball 1-0: Foul Ball, location: 2F 1-1: Fielders Choice at 2nd, 1-6 (Groundball, 13S, EV 71.9 MPH)
|
|
Batting: RHB J.B. Moore
|
0-0: Ball 1-0: SINGLE (Groundball, 6MD, EV 100.0 MPH) Desmond Brooks to second Runner from 2nd tries for 3rd, SAFE, throw by CF made to third
|
|
Batting: LHB Kevin Jones
|
0-0: Ball 1-0: Ball Wild Pitch! Desmond Brooks scores J.B. Moore to second 2-0: Foul Ball, location: 2F 2-1: Foul Ball, location: 2F 2-2: Foul Ball, location: 2F 2-2: Strikes out swinging
|
|
Batting: RHB Felipe Hernandez
|
0-0: Ball 1-0: Called Strike 1-1: Ball 2-1: Called Strike 2-2: Strikes out swinging
|
| Top of the 2nd over - 1 run, 1 hit, 0 errors, 1 left on base; Tri-City 1 - Coos Bay-North Bend 2 |
| BOTTOM OF THE 2ND |
|
Coos Bay-North Bend Blue Soxs batting - Pitching for Tri-City Dust Devils : LHP John Smiley
|
|
Batting: RHB James Wahlig
|
0-0: Called Strike 0-1: Ball 1-1: Foul Ball, location: 2F 1-2: DOUBLE (Line Drive, 9LS, EV 101.9 MPH)
|
|
Batting: RHB James Stefanski
|
0-0: Called Strike 0-1: Swinging Strike 0-2: Foul Ball, location: 2F 0-2: Ball 1-2: Foul Ball, location: 2F 1-2: Ball 2-2: Ball 3-2: Foul Ball, location: 2F 3-2: Ground out 6-3 (Groundball, 6, EV 80.6 MPH) James Wahlig to third
|
|
Batting: RHB Carlos Salinas
|
0-0: Ball 1-0: Ball 2-0: Ball 3-0: Called Strike 3-1: SINGLE (Line Drive, 9LS, EV 88.1 MPH) James Wahlig scores
|
|
Batting: RHB Henry Noble
|
0-0: Ball 1-0: Ball Carlos Salinas is caught stealing 2nd base 2-4 2-0: Foul Ball, location: 2F 2-1: Foul Ball, location: 2F 2-2: SINGLE (Flyball, 5D, EV 90.0 MPH)
|
|
Batting: RHB Brian Stemberger
|
0-0: Called Strike 0-1: Ball 1-1: Ball 2-1: Foul Ball, location: 2F 2-2: Ball 3-2: SINGLE (Line Drive, 6MD, EV 104.4 MPH) Henry Noble to second Henry Noble to third
|
|
Batting: SHB Paul Sokolowski
|
0-0: Swinging Strike 0-1: Foul Ball, location: 2F 0-2: Fly out, F7 (Line Drive, 7, EV 85.6 MPH)
|
| Bottom of the 2nd over - 1 run, 4 hits, 0 errors, 2 left on base; Tri-City 1 - Coos Bay-North Bend 3 |
| TOP OF THE 3RD |
|
Tri-City Dust Devils batting - Pitching for Coos Bay-North Bend Blue Soxs : RHP Carlos Garcia
|
|
Batting: RHB Jeff DeWillis
|
0-0: Fly out, F3 (Popup, 23F, EV 80.6 MPH)
|
|
Batting: LHB LaVel Freeman
|
0-0: Ball 1-0: Ball 2-0: Ball 3-0: Base on Balls
|
|
Batting: RHB Dave Lebeau
|
0-0: Ball 1-0: Ball 2-0: Ball 3-0: Called Strike 3-1: Called Strike 3-2: Foul Ball, location: 2F 3-2: Foul Ball, location: 2F 3-2: Fly out, F8 (Flyball, 78D, EV 91.3 MPH) Runner from 1st tags up, SAFE at 2nd
|
|
Batting: RHB Mark Van Blaricom
|
0-0: Ball 1-0: SINGLE (Groundball, 56, EV 80.6 MPH) (infield hit) LaVel Freeman to third
|
|
Batting: RHB Robert Martinez
|
0-0: Ball 1-0: Foul Ball, location: 2F 1-1: Fly out, F3 (Line Drive, 3, EV 68.8 MPH)
|
| Top of the 3rd over - 0 runs, 1 hit, 0 errors, 2 left on base; Tri-City 1 - Coos Bay-North Bend 3 |
| BOTTOM OF THE 3RD |
|
Coos Bay-North Bend Blue Soxs batting - Pitching for Tri-City Dust Devils : LHP John Smiley
|
|
Batting: RHB Javier Ortiz
|
0-0: Ball 1-0: Ground out 4-3 (Groundball, 4, EV 91.9 MPH)
|
|
Batting: LHB Curt Reed
|
0-0: SINGLE (Groundball, 6MD, EV 96.3 MPH)
|
|
Batting: RHB Danny Quintana
|
0-0: Ball 1-0: Called Strike 1-1: Foul Ball, location: 2F 1-2: Ball 2-2: Ball 3-2: Base on Balls Curt Reed to second
|
|
Batting: RHB James Wahlig
|
0-0: Ball 1-0: Called Strike 1-1: Called Strike 1-2: Strikes out swinging
|
|
Batting: RHB James Stefanski
|
0-0: Ball 1-0: Ball 2-0: Ball 3-0: Called Strike 3-1: Foul Ball, location: 2F 3-2: Foul Ball, location: 2F 3-2: Foul Ball, location: 2F 3-2: Foul Ball, location: 2F 3-2: Base on Balls Curt Reed to third Danny Quintana to second
|
|
Batting: RHB Carlos Salinas
|
0-0: Called Strike 0-1: SINGLE (Groundball, 6S, EV 63.8 MPH) (infield hit) Curt Reed scores Danny Quintana to third James Stefanski to second
|
|
Batting: RHB Henry Noble
|
0-0: Foul Ball, location: 2F 0-1: Foul Ball, location: 2F 0-2: Strikes out swinging
|
| Bottom of the 3rd over - 1 run, 2 hits, 0 errors, 3 left on base; Tri-City 1 - Coos Bay-North Bend 4 |
| TOP OF THE 4TH |
|
Tri-City Dust Devils batting - Pitching for Coos Bay-North Bend Blue Soxs : RHP Carlos Garcia
|
|
Batting: RHB Desmond Brooks
|
0-0: Called Strike 0-1: Ball 1-1: Ground out 5-3 (Groundball, 56S, EV 87.5 MPH)
|
|
Batting: RHB J.B. Moore
|
0-0: Ball 1-0: Ball 2-0: Ball 3-0: Called Strike 3-1: Base on Balls
|
|
Batting: LHB Kevin Jones
|
0-0: Called Strike J.B. Moore is caught stealing 2nd base 2-6 0-1: Ground out 6-3 (Groundball, 6, EV 85.0 MPH)
|
| Top of the 4th over - 0 runs, 0 hits, 0 errors, 0 left on base; Tri-City 1 - Coos Bay-North Bend 4 |
| BOTTOM OF THE 4TH |
|
Coos Bay-North Bend Blue Soxs batting - Pitching for Tri-City Dust Devils : LHP John Smiley
|
|
Batting: RHB Brian Stemberger
|
0-0: Ball 1-0: Called Strike 1-1: Ball 2-1: SINGLE (Groundball, 6MD, EV 98.1 MPH)
|
|
Batting: SHB Paul Sokolowski
|
0-0: Called Strike 0-1: Grounds into double play, 4-6-3 (Groundball, 4, EV 82.5 MPH)
|
|
Batting: RHB Javier Ortiz
|
0-0: Called Strike 0-1: Ball 1-1: Ball 2-1: Called Strike 2-2: Foul Ball, location: 2F 2-2: Reached on error, E6 (Flyball, 56D, EV 91.9 MPH)
|
|
Batting: LHB Curt Reed
|
0-0: Ball 1-0: Ball 2-0: Ball 3-0: Called Strike 3-1: Foul Ball, location: 2F 3-2: Fly out, F5 (Popup, 5SF, EV 75.6 MPH)
|
| Bottom of the 4th over - 0 runs, 1 hit, 1 error, 1 left on base; Tri-City 1 - Coos Bay-North Bend 4 |
| TOP OF THE 5TH |
|
Tri-City Dust Devils batting - Pitching for Coos Bay-North Bend Blue Soxs : RHP Carlos Garcia
|
|
Batting: RHB Felipe Hernandez
|
0-0: Called Strike 0-1: Ball 1-1: Swinging Strike 1-2: Strikes out swinging
|
|
Batting: RHB Jeff DeWillis
|
0-0: Ball 1-0: Foul Ball, location: 2F 1-1: Ball 2-1: Foul Ball, location: 2F 2-2: Fly out, F6 (Line Drive, 6, EV 60.6 MPH)
|
|
Batting: LHB LaVel Freeman
|
0-0: Ball 1-0: Called Strike 1-1: Ball 2-1: Ball 3-1: Foul Ball, location: 2F 3-2: Ground out 4-3 (Groundball, 4, EV 83.1 MPH)
|
| Top of the 5th over - 0 runs, 0 hits, 0 errors, 0 left on base; Tri-City 1 - Coos Bay-North Bend 4 |
| BOTTOM OF THE 5TH |
|
Coos Bay-North Bend Blue Soxs batting - Pitching for Tri-City Dust Devils : LHP John Smiley
|
|
Batting: RHB Danny Quintana
|
0-0: Called Strike 0-1: Fly out, F8 (Flyball, 8RXD, EV 100.0 MPH)
|
|
Batting: RHB James Wahlig
|
0-0: Ball 1-0: Fly out, F8 (Line Drive, 8RD, EV 93.8 MPH)
|
|
Batting: RHB James Stefanski
|
0-0: Foul Ball, location: 2F 0-1: Ball 1-1: Ground out 5-3 (Groundball, 5L, EV 90.0 MPH)
|
| Bottom of the 5th over - 0 runs, 0 hits, 0 errors, 0 left on base; Tri-City 1 - Coos Bay-North Bend 4 |
| TOP OF THE 6TH |
|
Tri-City Dust Devils batting - Pitching for Coos Bay-North Bend Blue Soxs : RHP Carlos Garcia
|
|
Batting: RHB Dave Lebeau
|
0-0: Ball 1-0: Ball 2-0: Called Strike 2-1: Ball 3-1: Base on Balls
|
|
Batting: RHB Mark Van Blaricom
|
0-0: Ball 1-0: Ball 2-0: Called Strike 2-1: Ball 3-1: Called Strike 3-2: Foul Ball, location: 2F 3-2: Foul Ball, location: 2F 3-2: 2-RUN HOME RUN (Flyball, 78XD, EV 93.1 MPH), Distance : 425 ft
|
|
Batting: RHB Robert Martinez
|
0-0: Called Strike 0-1: Ball 1-1: Ground out 6-3 (Groundball, 6, EV 82.5 MPH)
|
|
Batting: RHB Desmond Brooks
|
0-0: Ball 1-0: Ball 2-0: Ball 3-0: Base on Balls
|
|
Batting: RHB J.B. Moore
|
0-0: Ball 1-0: Called Strike 1-1: Foul Ball, location: 2F 1-2: Fly out, F6 (Line Drive, 6, EV 67.5 MPH)
|
|
Batting: LHB Kevin Jones
|
0-0: Called Strike 0-1: Ball 1-1: Called Strike 1-2: Fielders Choice at 2nd, 5-4 (Groundball, 56, EV 91.9 MPH)
|
| Top of the 6th over - 2 runs, 1 hit, 0 errors, 1 left on base; Tri-City 3 - Coos Bay-North Bend 4 |
| BOTTOM OF THE 6TH |
|
Coos Bay-North Bend Blue Soxs batting - Pitching for Tri-City Dust Devils : LHP John Smiley
|
|
Batting: RHB Carlos Salinas
|
0-0: Ball 1-0: Ball 2-0: Fly out, F3 (Popup, 34, EV 70.6 MPH)
|
|
Batting: RHB Henry Noble
|
0-0: Called Strike 0-1: Ball 1-1: Fly out, F8 (Flyball, 8LM, EV 94.4 MPH)
|
|
Batting: RHB Brian Stemberger
|
0-0: Ball 1-0: Ball 2-0: Foul Ball, location: 2F 2-1: Ball 3-1: Base on Balls
|
|
Batting: SHB Paul Sokolowski
|
0-0: Called Strike 0-1: Ball 1-1: Ball 2-1: Ball 3-1: Called Strike 3-2: Base on Balls Brian Stemberger to second
|
|
Batting: RHB Javier Ortiz
|
0-0: Ball 1-0: Ball 2-0: Called Strike 2-1: Ball 3-1: Fly out, F8 (Flyball, 8RD, EV 86.9 MPH)
|
| Bottom of the 6th over - 0 runs, 0 hits, 0 errors, 2 left on base; Tri-City 3 - Coos Bay-North Bend 4 |
| TOP OF THE 7TH |
|
Tri-City Dust Devils batting - Pitching for Coos Bay-North Bend Blue Soxs : RHP Carlos Garcia
|
|
Batting: RHB Felipe Hernandez
|
0-0: SINGLE (Groundball, 6MD, EV 102.5 MPH)
|
|
Batting: RHB Jeff DeWillis
|
0-0: Ball 1-0: Ball 2-0: Ball 3-0: Base on Balls Felipe Hernandez to second
|
|
Batting: LHB LaVel Freeman
|
0-0: Ball 1-0: Ball 2-0: Foul Ball, location: 2F 2-1: Called Strike 2-2: Foul Ball, location: 2F 2-2: Foul Ball, location: 2F 2-2: Foul Ball, location: 2F 2-2: Foul Ball, location: 2F 2-2: Reached on error, E8 (Flyball, 8LXD, EV 110.0 MPH) Felipe Hernandez scores Jeff DeWillis to third
|
|
Batting: RHB Dave Lebeau
|
0-0: Ball 1-0: Called Strike 1-1: Ball 2-1: Ball 3-1: Base on Balls
|
|
Batting: RHB Mark Van Blaricom
|
0-0: Ball 1-0: Foul Ball, location: 2F 1-1: SINGLE (Groundball, 6D, EV 100.6 MPH) Jeff DeWillis scores LaVel Freeman to third Dave Lebeau to second Throwing error, E8 LaVel Freeman scores Dave Lebeau to third Mark Van Blaricom to second
|
|
Pitching: LHP Vicente Robles
|
|
|
Batting: RHB Robert Martinez
|
0-0: Ball 1-0: Swinging Strike 1-1: Ball 2-1: SINGLE (Groundball, 4MD, EV 103.1 MPH) Dave Lebeau scores Mark Van Blaricom to third Runner from 3rd tries for Home, throw by CF and OUT! 8-2
|
|
Batting: RHB Desmond Brooks
|
0-0: Called Strike 0-1: Ball 1-1: Ball 2-1: Foul Ball, location: 2F 2-2: Foul Ball, location: 2F 2-2: Foul Ball, location: 2F 2-2: Ball 3-2: Fly out, F9 (Flyball, 89S, EV 75.0 MPH)
|
|
Batting: RHB J.B. Moore
|
0-0: Ball 1-0: Ball 2-0: Foul Ball, location: 2F 2-1: Ball 3-1: SINGLE (Groundball, 6MD, EV 98.1 MPH) Robert Martinez to second Runner from 2nd tries for 3rd, SAFE, no throw by CF
|
|
Batting: LHB Kevin Jones
|
0-0: Ball 1-0: Ball 2-0: Ball 3-0: Base on Balls J.B. Moore to second
|
|
Batting: RHB Felipe Hernandez
|
0-0: Ball 1-0: Ball 2-0: Ground out 5-3 (Groundball, 56S, EV 69.4 MPH)
|
| Top of the 7th over - 4 runs, 4 hits, 2 errors, 3 left on base; Tri-City 7 - Coos Bay-North Bend 4 |
| BOTTOM OF THE 7TH |
|
Coos Bay-North Bend Blue Soxs batting - Pitching for Tri-City Dust Devils : LHP John Smiley
|
|
Batting: LHB Curt Reed
|
0-0: Called Strike 0-1: SINGLE (Line Drive, 5L, EV 111.3 MPH)
|
|
Batting: RHB Danny Quintana
|
0-0: Ball 1-0: Ball 2-0: Ball 3-0: Called Strike Balk! Curt Reed to second 3-1: Base on Balls
|
|
Batting: RHB James Wahlig
|
0-0: Called Strike 0-1: Ball 1-1: Called Strike 1-2: Fielders Choice at 2nd, 4-6 (Groundball, 4, EV 91.3 MPH) Curt Reed to third
|
|
Batting: RHB James Stefanski
|
0-0: Ball 1-0: Called Strike 1-1: Ball 2-1: Ball 3-1: Swinging Strike 3-2: DOUBLE (Line Drive, 9LM, EV 96.3 MPH) Curt Reed scores James Wahlig to third
|
|
Pitching: RHP Guillermo Perez
|
|
|
Batting: RHB Carlos Salinas
|
0-0: Swinging Strike 0-1: Ball 1-1: Foul Ball, location: 2F 1-2: Ball 2-2: Strikes out swinging
|
|
Batting: RHB Henry Noble
|
0-0: Ball 1-0: Fly out, F8 (Flyball, 8RM, EV 77.5 MPH)
|
| Bottom of the 7th over - 1 run, 2 hits, 0 errors, 2 left on base; Tri-City 7 - Coos Bay-North Bend 5 |
| TOP OF THE 8TH |
|
Tri-City Dust Devils batting - Pitching for Coos Bay-North Bend Blue Soxs : LHP Vicente Robles
|
|
Batting: RHB Jeff DeWillis
|
0-0: Called Strike 0-1: Ball 1-1: Called Strike 1-2: Strikes out looking
|
|
Batting: LHB LaVel Freeman
|
0-0: Ball 1-0: Ground out 4-3 (Groundball, 4M, EV 107.5 MPH)
|
|
Batting: RHB Dave Lebeau
|
0-0: SOLO HOME RUN (Flyball, 7LD, EV 105.6 MPH), Distance : 347 ft
|
|
Batting: RHB Mark Van Blaricom
|
0-0: Ball 1-0: Called Strike 1-1: Foul Ball, location: 2F 1-2: Ground out 6-3 (Groundball, 6, EV 106.3 MPH)
|
| Top of the 8th over - 1 run, 1 hit, 0 errors, 0 left on base; Tri-City 8 - Coos Bay-North Bend 5 |
| BOTTOM OF THE 8TH |
|
Coos Bay-North Bend Blue Soxs batting - Pitching for Tri-City Dust Devils : RHP Guillermo Perez
|
|
Batting: RHB Brian Stemberger
|
0-0: Called Strike 0-1: Ball 1-1: Called Strike 1-2: Ball 2-2: Ball 3-2: Foul Ball, location: 2F 3-2: Ground out 4-3 (Groundball, 34, EV 78.1 MPH)
|
|
Batting: SHB Paul Sokolowski
|
0-0: Ball 1-0: Ball 2-0: Ball 3-0: Base on Balls
|
|
Batting: RHB Javier Ortiz
|
0-0: Swinging Strike 0-1: Called Strike 0-2: Foul Ball, location: 2F 0-2: Grounds into double play, 4-6-3 (Groundball, 34, EV 80.0 MPH)
|
| Bottom of the 8th over - 0 runs, 0 hits, 0 errors, 0 left on base; Tri-City 8 - Coos Bay-North Bend 5 |
| TOP OF THE 9TH |
|
Tri-City Dust Devils batting - Pitching for Coos Bay-North Bend Blue Soxs : LHP Vicente Robles
|
|
Batting: RHB Robert Martinez
|
0-0: Ball 1-0: SINGLE (Line Drive, 9LS, EV 98.8 MPH)
|
|
Batting: RHB Desmond Brooks
|
0-0: Ball 1-0: Ball 2-0: Called Strike 2-1: Foul Ball, location: 2F 2-2: Foul Ball, location: 2F 2-2: Ball 3-2: Base on Balls Robert Martinez to second
|
|
Batting: RHB J.B. Moore
|
0-0: Called Strike 0-1: Foul Ball, location: 2F 0-2: Fly out, F8 (Flyball, 8RS, EV 93.1 MPH)
|
|
Batting: LHB Kevin Jones
|
0-0: Foul Ball, location: 2F 0-1: Foul Ball, location: 2F 0-2: Fly out, F4 (Popup, 4S, EV 80.6 MPH)
|
|
Batting: RHB Felipe Hernandez
|
0-0: Ball 1-0: Ball 2-0: Ball 3-0: Base on Balls Robert Martinez to third Desmond Brooks to second
|
|
Batting: RHB Jeff DeWillis
|
0-0: Fielders Choice at 2nd, 6-4 (Groundball, 56, EV 83.8 MPH)
|
| Top of the 9th over - 0 runs, 1 hit, 0 errors, 3 left on base; Tri-City 8 - Coos Bay-North Bend 5 |
| BOTTOM OF THE 9TH |
|
Coos Bay-North Bend Blue Soxs batting - Pitching for Tri-City Dust Devils : RHP Guillermo Perez
|
|
Batting: LHB Curt Reed
|
0-0: DOUBLE (Line Drive, 5D, EV 95.6 MPH)
|
|
Batting: RHB Danny Quintana
|
0-0: Fly out, F7 (Flyball, 78M, EV 77.5 MPH)
|
|
Batting: RHB James Wahlig
|
0-0: Called Strike 0-1: Ball 1-1: Ball 2-1: Ball 3-1: Fly out, F2 (Popup, 3SF, EV 89.4 MPH)
|
|
Batting: RHB James Stefanski
|
0-0: Fly out, F8 (Line Drive, 8RD, EV 95.6 MPH)
|
| Bottom of the 9th over - 0 runs, 1 hit, 0 errors, 1 left on base; Tri-City 8 - Coos Bay-North Bend 5 |
|